 Dungeon Crawl Stone Soup version 0.29-a0-219-g0a02b1cf4f (webtiles) character file.

Game seed: 15107747114838996617

1082 horus123 the Covered (level 8, -3/64 HPs)
             Began as a Human Fighter on Feb 25, 2022.
             Slain by a gargoyle
             ... wielding a +0 mace
              (19 damage)
             ... on level 5 of the Dungeon.
             The game lasted 00:06:50 (5272 turns).

horus123 the Covered (Human Fighter)                Turns: 5272, Time: 00:06:51

Health: -3/64      AC: 11    Str: 18    XL:     8   Next: 55%
Magic:  8/8        EV:  7    Int: 15    God:
Gold:   262        SH:  9    Dex: 13    Spells: 7/7 levels left

rFire   + . .      SeeInvis .   a - +0 flail
rCold   + . .      Faith    .   c - +0 buckler
rNeg    . . .      Spirit   .   e - +0 chain mail
rPois   .          Reflect  +   (no helmet)
rElec   .          Harm     .   (no cloak)
rCorr   +          Rampage  .   b - +0 pair of gloves
Will    .....                   (no boots)
Stlth   ..........              f - amulet of reflection
HPRegen 0.20/turn               d - ring of Undoing {rF+ rC+ rCorr Int+6}
MPRegen 0.11/turn               i - ring of wizardry

@: no status effects
A: no striking features
a: no special abilities


You were on level 5 of the Dungeon.
You visited 1 branch of the dungeon, and saw 5 of its levels.

You collected 262 gold pieces.

Inventory:

Hand Weapons
 a - a +0 flail (weapon)
Armour
 b - a +0 pair of gloves (worn)
 c - a +0 buckler (worn)
 e - a +0 chain mail (worn)
Jewellery
 d - the ring of Undoing (left hand) {rF+ rC+ rCorr Int+6}
   (You found it on level 3 of the Dungeon)

   [ring of intelligence]

   Int:       It affects your intelligence (+6).
   rF:        It protects you from fire.
   rC:        It protects you from cold.
   rCorr:     It protects you from acid and corrosion.
 f - an amulet of reflection (around neck)
 i - a ring of wizardry (right hand)
Wands
 n - a wand of flame (17)
Scrolls
 g - a scroll of teleportation
 h - a scroll of magic mapping
Potions
 j - 3 potions of curing {unknown}
 k - a potion of brilliance {unknown}
 l - a potion of cancellation {unknown}
 m - a potion of heal wounds


   Skills:
 - Level 6.2 Fighting
 + Level 4.6 Maces & Flails
 - Level 7.1 Armour
 - Level 3.0 Shields


You had 7 spell levels left.
You didn't know any spells.
Your spell library contained the following spells:

 Spells                   Type           Power      Damage    Failure   Level
 Conjure Flame            Conj/Fire      0%         6-21      98%         3
 Ignite Poison            Fire/Tmut/Pois 0%         N/A       98%         3
 Sticky Flame             Conj/Fire      0%         2d3       100%        4


Dungeon Overview and Level Annotations

Branches:
Dungeon (5/15)
 Temple: D:4-7

Altars:
Elyvilon
Sif Muna

Shops:
D:5 =


Message History

The jackal barks!
A gargoyle comes into view. It is wielding a +0 mace.
You hit the jackal.
You kill the jackal!
The gargoyle hurls a stone arrow at you.
The stone arrow hits you!
You don't know any spells.
Hit: a) +0 flail
Press: ? - help, Dir - move target, f - you
Okay, then.
Hit: a) +0 flail
Press: ? - help, Dir - move target, f - gargoyle
Aim: a gargoyle, wielding a +0 mace (about 25% to evade your +0 flail)
Your weapon can't reach that far!
Okay, then.
The gargoyle barely misses you.
You hit the gargoyle but do no damage.
The gargoyle hits you but does no damage.
You barely miss the gargoyle.
A water moccasin comes into view.
The gargoyle barely misses you.
The water moccasin moves out of view.
You hit the gargoyle but do no damage. The gargoyle hits you with a +0 mace!
The gargoyle hits you with a +0 mace.
You hit the gargoyle.
The gargoyle is lightly damaged.
The gargoyle hurls a stone arrow at you.
The stone arrow hits you!
You hit the gargoyle but do no damage.
The gargoyle is lightly damaged.
The gargoyle hits you with a +0 mace!
* * * LOW HITPOINT WARNING * * *
You hit the gargoyle but do no damage.
The gargoyle is lightly damaged.
The gargoyle hurls a stone arrow at you.
The stone arrow misses you.
The water moccasin hisses angrily.
You hit the gargoyle.
The gargoyle is lightly damaged.
The gargoyle hits you with a +0 mace!!
You die...

.......## #.####..# ###.#
#...## #.####..# #.#
.>O...#..####.##....#
###.. .h..#
##.S.#.....##.# #.... ...
###....#####.###...[ .
###....#####..##....
#.........###.##....
..####.#......)..........
........@...#####.#......
.......9.................
.####.#..########.##.....
#..#.## #........ #.#..#
#.......# ####.#.##
#.......# #......#
#........ #...###.##
#........ . #.# #.......#


You could see a water moccasin and a gargoyle.

Vanquished Creatures
  Sigmund (D:2)
  Menkaure (D:4)
  A black bear (D:4)
  An ogre (D:5)
  2 centaurs (D:5)
  2 phantoms
  A scorpion (D:5)
  An orc priest (D:5)
  A hound (D:4)
  Terence (D:2)
  2 orc wizards (D:5)
  6 adders
  2 worms
  3 dart slugs
  2 orcs (D:5)
  7 endoplasms
  6 giant cockroaches
  10 goblins
  5 hobgoblins
  7 jackals
  4 quokkas
  3 ball pythons
  4 bats
  3 frilled lizards
  5 kobolds
  4 rats
85 creatures vanquished.

Notes
Turn   | Place    | Note
-------+----------+-------------------------------------------
     0 | D:1      | horus123 the Human Fighter began the quest for the Orb.
     0 | D:1      | Reached XP level 1. HP: 18/18 MP: 1/1
    91 | D:1      | Reached XP level 2. HP: 14/24 MP: 2/2
   477 | D:1      | Reached XP level 3. HP: 30/30 MP: 3/3
   636 | D:1      | Found a faded altar of an unknown god.
   823 | D:2      | Noticed Sigmund
   826 | D:2      | Noticed Terence
   830 | D:2      | Killed Sigmund
   831 | D:2      | Reached XP level 4. HP: 33/40 MP: 4/4
   831 | D:2      | Reached XP level 5. HP: 38/46 MP: 5/5
   831 | D:2      | Reached XP level 6. HP: 44/52 MP: 6/6
   836 | D:2      | Killed Terence
  1993 | D:3      | Identified the ring of Undoing {rF+ rC+ rCorr Int+6}
  2078 | D:3      | Reached skill level 4 in Armour
  2365 | D:3      | You fall into a shaft and drop 1 floor!
  2543 | D:4      | Noticed Menkaure
  2545 | D:4      | Found a white marble altar of Elyvilon.
  2552 | D:4      | Killed Menkaure
  2553 | D:4      | Reached skill level 5 in Armour
  2553 | D:4      | Reached XP level 7. HP: 4/58 MP: 7/7
  2902 | D:4      | Reached skill level 6 in Armour
  3279 | D:4      | Found a shimmering blue altar of Sif Muna.
  4444 | D:5      | Entered Level 5 of the Dungeon
  4509 | D:5      | Reached skill level 7 in Armour
  4509 | D:5      | Reached XP level 8. HP: 45/64 MP: 8/8
  4688 | D:5      | Found Tures's Jewellery Emporium.
  5261 | D:5      | Noticed a gargoyle
  5272 | D:5      | Slain by a gargoyle

Illustrated notes

Levels and vault maps discovered:
D:1:      dpeg_arrival_prison, layout_basic,
          shapermc_ecumenical_altar_mp_vishouse, minmay_misc_feat_enclosed,
          corexii_item_surrounded_by_moat, grunt_decor_resistance,
          minmay_misc_feat_rugged, st_stairs_3
D:2:      layout_basic, serial_rivers, chequers_serial_rivers_micro_d,
          chequers_serial_rivers_small_3, chequers_serial_rivers_small_b,
          chequers_serial_rivers_room_a, chequers_serial_rivers_marsh,
          chequers_serial_rivers_small_3, kennysheep_decorative_pillar,
          uniq_terence, uniq_sigmund
D:3:      layout_loops_corners
D:4:      layout_gridville, lemuel_coloured_pillars_altar, lemuel_tele_altar,
          uniq_menkaure
D:5:      layout_rooms, serial_shops, nicolae_take_the_stairs, st_stairs_2,
          chequers_serial_rivers_small_3, serial_park_tiny_pond

Skill      XL: |  1  2  3  4  5  6  7  8 |
---------------+-------------------------+-----
Fighting       | 4 6 |  6.2
Armour         | 5 7 |  7.1
Maces & Flails | 4 |  4.6
Shields        | |  3.0

Action                   |  1- 3 |  4- 6 |  7- 9 || total
-------------------------+-------+-------+-------++-------
Melee: Flail             |    74 |    94 |   166 ||   334
Evoke: Wand              |       |       |     3 ||     3
  Use: Scroll            |     3 |     1 |     3 ||     7
       Potion            |     1 |       |     2 ||     3
Armor: Scale mail        |    14 |       |       ||    14
       Chain mail        |    17 |    45 |   106 ||   168
Dodge: Dodged            |    21 |    20 |    62 ||   103
Block: Buckler           |    37 |    44 |    90 ||   171
       Reflection        |     1 |     2 |     4 ||     7

Table legend: (Time is in decaauts)
 A = Elapsed time spent in this place.
 B = Non-inter-level travel time spent in this place.
 C = Inter-level travel time spent in this place.
 D = Time resting spent in this place.
 E = Time spent auto-exploring this place.
 F = Levels seen in this place.
 G = Mean time per level.
                   A        B        C        D        E       F      G
               +--------+--------+--------+--------+--------+-----+--------+
         Total |   5390 |   5254 |    136 |    745 |   3620 |   5 | 1078.0 |
       Dungeon |   5390 |   5254 |    136 |    745 |   3620 |   5 | 1078.0 |
               +--------+--------+--------+--------+--------+-----+--------+

Top non-repeatable levels by time:
     D:4: 1327 daAuts
     D:3: 1186 daAuts
     D:2: 1181 daAuts
     D:5: 855 daAuts
     D:1: 839 daAuts
